 Dungeon Crawl Stone Soup version 0.29.1-12-g30fa7ad0bf (webtiles) character file.

Game seed: 13368974323568841296

48 DildoBatman the Conjurer (level 4, -3/32 HPs)
             Began as a Formicid Conjurer on Dec 13, 2022.
             Slain by an orc
             ... wielding a +0 mace
              (4 damage)
             ... on level 3 of the Dungeon.
             The game lasted 00:02:40 (907 turns).

DildoBatman the Conjurer (Formicid Conjurer)         Turns: 907, Time: 00:02:41

Health: -3/32      AC:  3    Str: 12    XL:     4   Next: 0%
Magic:  6/8        EV: 12    Int: 19    God:
Gold:   74         SH:  0    Dex: 12    Spells: 5/8 levels left

rFire   . . .      SeeInvis +   l - +0 mace
rCold   . . .      Faith    .   (no shield)
rNeg    . . .      Spirit   .   a - +0 robe
rPois   .          Reflect  .   (helmet unavailable)
rElec   .          Harm     .   (no cloak)
rCorr   .          Rampage  .   g - +0 pair of gloves
Will    .....                   (no boots)
Stlth   ++........              (no amulet)
HPRegen 0.10/turn               (no ring)
MPRegen 0.11/turn               (no ring)

@: no status effects
A: permanent stasis, dig shafts and tunnels, antennae 3, four strong arms
a: Dig, Shaft Self


You were on level 3 of the Dungeon.
You visited 1 branch of the dungeon, and saw 3 of its levels.

You collected 74 gold pieces.

Inventory:

Hand Weapons
 c - a +0 hand axe
 e - a +0 dagger
 j - a +0 short sword
 l - a +0 mace (weapon)
Missiles
 f - 6 javelins
 h - 5 poisoned darts
 i - 16 stones
Armour
 a - a +0 robe (worn)
 g - a +0 pair of gloves (worn)
 m - a +0 pair of boots
Scrolls
 d - 5 scrolls of teleportation {unknown}
 k - a scroll of fear {unknown}
Potions
 b - a potion of magic
 n - 2 potions of curing {unknown}
 o - a potion of heal wounds {unknown}


   Skills:
 * Level 1.4 Fighting
 * Level 1.5 Armour
 - Level 2.0 Dodging
 - Level 2.4 Stealth
 * Level 2.7 Spellcasting
 * Level 3.9 Conjurations


You had 5 spell levels left.
You knew the following spells:

 Your Spells              Type           Power      Damage    Failure   Level
a - Searing Ray           Conj           34%        2d5       4%          2
c - Magic Dart            Conj           68%        1d6       3%          1

Your spell library contained the following spells:

 Spells                   Type           Power      Damage    Failure   Level
 Dazzling Flash           Conj/Hex       20%        N/A       22%         3
 Fulminant Prism          Conj/Hex       5%         3d7       56%         4
 Iskenderun's Mystic Bla  Conj/Tloc      10%        2d4       56%         4
 Summon Forest            Summ/Tloc      1%         N/A       99%         5
 Eringya's Noxious Bog    Tmut/Pois      1%         N/A       100%        6
 Summon Hydra             Summ           1%         N/A       100%        7


Dungeon Overview and Level Annotations

Branches:
Dungeon (3/15)

Altars:


Innate Abilities, Weirdness & Mutations

You cannot be hasted, slowed, berserked, paralysed or teleported.
You can dig through walls and to a lower floor.
You have a pair of large antennae on your head. (SInv)
Your four strong arms can wield two-handed weapons with a shield.


Message History

t - Shout!
Orders for allies: a - Attack new target. r - Retreat! s - Stop attacking. g - Guard the area. f - Follow me.
Anything else - Cancel.
You shout for attention!
The orc hits you with a +0 mace. What are your orders? t - Shout!
Orders for allies: a - Attack new target. r - Retreat! s - Stop attacking. g - Guard the area. f - Follow me.
Anything else - Cancel.
You shout for attention!
The orc closely misses you. What are your orders? t - Shout!
Orders for allies: a - Attack new target. r - Retreat! s - Stop attacking. g - Guard the area. f - Follow me.
Anything else - Cancel.
You shout for attention!
The orc hits you with a +0 mace. What are your orders? t - Shout!
Orders for allies: a - Attack new target. r - Retreat! s - Stop attacking. g - Guard the area. f - Follow me.
Anything else - Cancel.
You shout for attention!
The orc hits you but does no damage. What are your orders? t - Shout!
Orders for allies: a - Attack new target. r - Retreat! s - Stop attacking. g - Guard the area. f - Follow me.
Anything else - Cancel.
You shout for attention!
The orc hits you with a +0 mace.
You die...

.. .. .. #.
#. #.
######.###.#
......o@...#
######.#####
#. .. ###


You could see an orc.

Vanquished Creatures
  An adder (D:2)
  2 dart slugs (D:1)
  2 ball pythons (D:1)
  2 endoplasms
  2 hobgoblins (D:1)
  3 jackals (D:1)
  3 quokkas (D:1)
  5 bats
  3 frilled lizards
  3 goblins
  2 kobolds
  7 rats
35 creatures vanquished.

Notes
Turn   | Place    | Note
-------+----------+-------------------------------------------
     0 | D:1      | DildoBatman the Formicid Conjurer began the quest for the
                  | Orb.
     0 | D:1      | Reached XP level 1. HP: 13/13 MP: 3/3
   177 | D:1      | Reached XP level 2. HP: 20/20 MP: 5/5
   180 | D:1      | Learned a level 2 spell: Searing Ray
   323 | D:1      | Reached skill level 1 in Fighting
   323 | D:1      | Reached skill level 1 in Armour
   358 | D:1      | Reached XP level 3. HP: 18/26 MP: 1/6
   877 | D:2      | Reached XP level 4. HP: 26/32 MP: 2/8
   905 | D:3      | HP: 1/32 [orc/+0 mace (3)]
   907 | D:3      | Slain by an orc

Illustrated notes

Levels and vault maps discovered:
D:1:      wander_arrival_desolate, layout_basic, minmay_door_square,
          minmay_pentomino_t2
D:2:      layout_loops_cross, corexii_hall_statues_l, uniq_jessica
D:3:      layout_loops_ring, nicolae_overflow_hidden_temple, serial_shops,
          nicolae_shop_hallway_stairs, chequers_mini_garden, uniq_grinder,
          uniq_sigmund, uniq_natasha

Skill      XL: |  1  2 |
---------------+-------+-----
Dodging        | 2 |  2.0
Fighting       | 1 |  1.4
Armour         | 1 |  1.5
Stealth        | |  2.4
Spellcasting   | |  2.7
Conjurations   | |  3.9

Action                   |  1- 3 |  4- 6 || total
-------------------------+-------+-------++-------
Melee: Unarmed           |     7 |       ||     7
       Dagger            |     7 |       ||     7
       Short sword       |    11 |       ||    11
       Punch             |     1 |       ||     1
       Mace              |    13 |       ||    13
 Cast: Magic Dart        |    31 |       ||    31
       Searing Ray       |     3 |       ||     3
Armor: Robe              |    19 |     1 ||    20
Dodge: Dodged            |    44 |    19 ||    63
